 Dungeon Crawl Stone Soup version 0.30-a0-358-g0d69a1922f (webtiles) character file.

Game seed: 1308344937676021988

4053 FollowTheCloud the Protected (level 10, -2/91 HPs)
             Began as a Minotaur Fighter on Nov 8, 2022.
             Was an Initiate of Makhleb.
             Slain by a satyr (8 damage)
             ... on level 8 of the Dungeon on Nov 9, 2022.
             The game lasted 00:19:57 (7574 turns).

FollowTheCloud the Protected (Minotaur Fighter)     Turns: 7574, Time: 00:19:59

Health: -2/91      AC:  8    Str: 24    XL:     10   Next: 4%
Magic:  9/9        EV:  7    Int:  5    God:    Makhleb [......]
Gold:   517        SH: 17    Dex: 11    Spells: 9/9 levels left

rFire   . . .      SeeInvis +    a - +0 war axe
rCold   . . .      Faith    .    f - +2 tower shield
rNeg    . . .      Spirit   .    b - +0 scale mail
rPois   .          Reflect  .    (helmet restricted)
rElec   .          Harm     .    (no cloak)
rCorr   .          Rampage  .    (no gloves)
Will    +....                    (no boots)
Stlth   ..........               (no amulet)
HPRegen 0.35/turn                u - ring of see invisible
MPRegen 0.11/turn                t - ring of willpower

@: no status effects
A: horns 2, retaliatory headbutt
a: Renounce Religion


You were on level 8 of the Dungeon.
You worshipped Makhleb.
Makhleb was noncommittal.
You visited 2 branches of the dungeon, and saw 9 of its levels.

You collected 597 gold pieces.
You spent 80 gold pieces at shops.

Inventory:

Hand Weapons
 a - a +0 war axe (weapon)
Armour
 b - a +0 scale mail (worn)
 f - a +2 tower shield (worn)
Jewellery
 t - a ring of willpower (right hand)
 u - a ring of see invisible (left hand)
 w - a ring of protection from cold
 z - a ring of positive energy
Wands
 m - a wand of roots (2)
 y - a wand of polymorph (10)
 C - a wand of quicksilver (1)
Scrolls
 c - a scroll of fear {unknown}
 g - 6 scrolls of identify {unknown}
 k - 4 scrolls of teleportation {unknown}
 l - a scroll of immolation {unknown}
 o - a scroll of poison {unknown}
 p - a scroll of vulnerability {unknown}
 q - a scroll of enchant weapon {unknown}
 s - a scroll of summoning {unknown}
 x - a scroll of magic mapping {unknown}
Potions
 d - a potion of might
 e - a potion of degeneration {unknown}
 h - 3 potions of heal wounds {unknown}
 i - 5 potions of curing
 j - a potion of berserk rage
 n - 3 potions of lignification {unknown}
 r - a potion of brilliance
 v - 4 potions of mutation {unknown}
 A - 2 potions of ambrosia {unknown}
 B - a potion of attraction {unknown}


   Skills:
 + Level 9.4 Fighting
 + Level 9.0 Axes
 + Level 9.5 Armour
 + Level 9.5 Shields


You had 9 spell levels left.
You didn't know any spells.
Your spell library contained the following spells:

 Spells                   Type           Power      Damage    Failure   Level
 Static Discharge         Conj/Air       0%         2-2/arc   100%        2
 Ignite Poison            Fire/Tmut/Pois 0%         N/A       100%        3
 Kindle Blastsparks       Fire/Tloc/Air  0%         2d10      100%        3
 Vhi's Electric Charge    Tloc/Air       0%         N/A       100%        3
 Arcjolt                  Conj/Air       0%         1d10      100%        5
 Freezing Cloud           Conj/Ice/Air   0%         6-21      100%        5
 Lightning Bolt           Conj/Air       0%         1d11      100%        5


Dungeon Overview and Level Annotations

Branches:
Dungeon (8/15)             Temple (1/1) D:7
   Lair: D:8-11

Altars:
Ashenzari
Cheibriados
Dithmenos
Elyvilon
Fedhas
Gozag
Hepliaklqana
Kikubaaqudgha
Makhleb
Nemelex Xobeh
Okawaru
Qazlal
Sif Muna
Trog
Vehumet
Wu Jian
Xom
Yredelemnul
Zin
The Shining One
Jiyva

Shops:
D:1 ![[   D:6 :


Innate Abilities, Weirdness & Mutations

You have a pair of horns on your head.
You reflexively headbutt those who attack you in melee.


Message History

Items here: a +0 giant club; a +0 giant spiked club.
The floor.
Unknown command.
Press: ? - help, v - describe, . - travel, g - get item
Here: a satyr
Items here: a +0 giant club; a +0 giant spiked club.
The floor.
You slash the satyr!
The satyr is lightly wounded.
You block the satyr's attack.
You slash the satyr!
The satyr is moderately wounded.
The satyr plays a lulling melody on his pipes!
You resist with significant effort.
You slash the satyr!
The satyr is heavily wounded.
You block the satyr's attack. The satyr hits you!!
You slash the satyr! You headbutt the satyr.
The satyr is severely wounded.
The satyr hits you!
You hit the satyr.
The satyr is severely wounded.
The satyr hits you!
You slash the satyr!
The satyr is severely wounded.
You block the satyr's attack. x2
You completely miss the satyr.
The satyr is severely wounded.
The satyr plays a lulling melody on his pipes!
You fall asleep.
The satyr hits you!!!
You wake up.
* * * LOW HITPOINT WARNING * * *
Unknown command.
Aiming: Quicksilver Bolt
Press: ? - help, Shift-Dir - straight line, f/p - satyr
Aim: a satyr (severely wounded, 64% to hit)
The bolt of dispelling energy hits the satyr!
The satyr is almost dead.
The satyr hits you!
You die...

### #@# #c# #)#
#.#### #######
#....##
.......##.##..#
..............#
.......#......#
.......#.._...#


You could see a satyr.

Vanquished Creatures
  4 yaks
  3 water moccasins
  4 black bears
  An ice beast (D:6)
  3 ogres
  2 centaurs (D:6)
  2 phantoms
  A kobold brigand (D:7)
  2 necrophages (D:6)
  4 bullfrogs
  6 scorpions
  4 wights (D:6)
  2 howler monkeys (D:7)
  6 hounds
  6 jellies
  5 orc priests
  Jessica (D:2)
  Natasha (twice) (D:2)
  3 iguanas (D:6)
  7 orc wizards
  A mummy (D:6)
  Robin (D:3)
  A gnoll (D:4)
  5 adders
  A shadow imp (D:4)
  3 white imps
  5 worms
  4 dart slugs
  21 orcs
  8 endoplasms
  2 giant cockroaches
  14 goblins
  9 hobgoblins
  8 jackals
  10 kobolds
  A quokka (D:3)
  5 ball pythons
  7 bats
  4 frilled lizards
  3 goblin zombies (D:7)
  2 hobgoblin zombies (D:7)
  2 kobold skeletons (D:7)
  A kobold zombie (D:7)
  An orc zombie (D:7)
  9 rats
196 creatures vanquished.

Notes
Turn   | Place    | Note
-------+----------+-------------------------------------------
     0 | D:1      | FollowTheCloud the Minotaur Fighter began the quest for the
                  | Orb.
     0 | D:1      | Reached XP level 1. HP: 19/19 MP: 0/0
   131 | D:1      | Found Wethih's Armour Emporium.
   176 | D:1      | Found Ydecrotu's Distillery.
   230 | D:1      | Reached XP level 2. HP: 27/27 MP: 1/1
   255 | D:1      | Found a faded altar of an unknown god.
   358 | D:1      | Found Velie's Armour Shop.
   543 | D:1      | Reached XP level 3. HP: 33/33 MP: 2/2
   835 | D:1      | Bought a potion of curing for 30 gold pieces
   835 | D:1      | Bought a potion of berserk rage for 50 gold pieces
  1154 | D:2      | Reached XP level 4. HP: 40/40 MP: 3/3
  1231 | D:2      | Noticed Natasha
  1237 | D:2      | Killed Natasha
  1314 | D:2      | Noticed Jessica
  1318 | D:2      | Killed Jessica
  1373 | D:2      | Noticed Natasha
  1381 | D:2      | Killed Natasha
  1382 | D:2      | Reached XP level 5. HP: 22/47 MP: 4/4
  1892 | D:3      | Found a stormy altar of Qazlal.
  1992 | D:3      | Noticed Robin
  1997 | D:3      | Killed Robin
  2122 | D:3      | Reached skill level 5 in Armour
  2122 | D:3      | Reached skill level 5 in Shields
  2261 | D:3      | Reached skill level 5 in Fighting
  2411 | D:3      | Found a basalt altar of Yredelemnul.
  2411 | D:3      | Found a blossoming altar of Fedhas.
  2734 | D:3      | Upgraded the game from 0.30-a0-355-g4c39ff33d3 to
                  | 0.30-a0-358-g0d69a1922f
  2764 | D:4      | Reached XP level 6. HP: 56/56 MP: 5/5
  2867 | D:4      | Found an ornate altar of the Wu Jian Council.
  3183 | D:4      | Reached skill level 5 in Axes
  3183 | D:4      | Reached XP level 7. HP: 58/62 MP: 6/6
  3845 | D:5      | Entered Level 5 of the Dungeon
  3957 | D:5      | Found a sparkling altar of Nemelex Xobeh.
  4082 | D:5      | Noticed a yak
  4083 | D:5      | Noticed a yak
  4118 | D:5      | Noticed a yak
  4146 | D:5      | Noticed a yak
  4158 | D:4      | Killed a yak
  4237 | D:4      | Killed a yak
  4238 | D:4      | Reached XP level 8. HP: 18/71 MP: 7/7
  4510 | D:5      | Found a radiant altar of Vehumet.
  4556 | D:5      | Found an ancient bone altar of Kikubaaqudgha.
  4571 | D:5      | Found a shimmering blue altar of Sif Muna.
  5146 | D:6      | Reached XP level 9. HP: 75/81 MP: 8/8
  5191 | D:6      | Identified the +1 robe of the Spider Nest {Regen+ Str+6
                  | Int-3 Dex+2}
  5700 | D:6      | Found Tacen's Book Emporium.
  5850 | D:6      | Found a snail-covered altar of Cheibriados.
  6049 | D:6      | Found a shadowy altar of Dithmenos.
  6300 | D:7      | Found a glowing golden altar of the Shining One.
  6511 | D:7      | Found a broken altar of Ashenzari.
  7004 | D:7      | Reached XP level 10. HP: 89/91 MP: 9/9
  7039 | D:7      | Found a staircase to the Ecumenical Temple.
  7278 | Temple   | Entered the Ecumenical Temple
  7440 | Temple   | Became a worshipper of Makhleb the Destroyer
  7513 | D:8      | Found a viscous altar of Jiyva.
  7552 | D:8      | Noticed a two-headed ogre
  7564 | D:8      | a two-headed ogre changed into a satyr
  7564 | D:8      | Noticed a satyr
  7574 | D:8      | Slain by a satyr

Illustrated notes

Levels and vault maps discovered:
D:1:      shiori_shiawase, layout_loops_ring,
          hellmonk_ecumenical_altar_lost_god, serial_shops,
          nicolae_shop_statue_plus, nicolae_square_shop, shop, amethyst_killhole
D:2:      layout_loops_ring, hex_medium, uniq_natasha, uniq_jessica
D:3:      layout_basic, nicolae_qazlal_general_emergency,
          nicolae_overflow_two_pavilions, gup_sewer_entry_spiral,
          chequers_arboretum, uniq_robin
D:4:      layout_basic, nicolae_wu_jian_glorious_leap, cheibrodos_gnoll_hut
D:5:      layout_loops_ring, palyth_temple_overflow_mages,
          mainiacjoe_overflow_six_doors_small
D:6:      minmay_chambers_of_threes, layout_loops_ring, grunt_dithmenos_smoke,
          slow_altar_2, serial_shops, shop_coins, dk_vineyard_2
D:7:      layout_loops_ring, nicolae_overflow_crystal_walls,
          nicolae_tso_besieged_by_evil, minmay_temple_entry_fiery, st_stairs_1
D:8:      layout_basic, nicolae_uskayaw_murder_on_the_dancefloor,
          mainiacjoe_overflow_alcove_1, lair_entry_dummy, jiyva_altar_1
Temple:   hellmonk_temple_flake

Skill      XL: |  1  2  3  4  5  6  7  8  9 10 |
---------------+-------------------------------+-----
Armour         | 4 5 6 7 9 |  9.5
Fighting       | 4 5 6 7 9 |  9.4
Shields        | 4 5 6 7 9 |  9.5
Axes           | 3 4 5 6 7 8 9 |  9.0

Action                   |  1- 3 |  4- 6 |  7- 9 | 10-12 || total
-------------------------+-------+-------+-------+-------++-------
Melee: War axe           |    93 |   145 |   324 |    15 ||   577
       Headbutt          |    10 |    24 |    50 |     4 ||    88
Evoke: Wand              |       |       |       |     3 ||     3
Armor: Scale mail        |    49 |    55 |   113 |     5 ||   222
Dodge: Dodged            |    28 |    25 |    87 |     2 ||   142
Block: Buckler           |     3 |       |       |       ||     3
       Tower shield      |    49 |   116 |   301 |    10 ||   476

Table legend: (Time is in decaauts)
 A = Elapsed time spent in this place.
 B = Non-inter-level travel time spent in this place.
 C = Inter-level travel time spent in this place.
 D = Time resting spent in this place.
 E = Time spent auto-exploring this place.
 F = Levels seen in this place.
 G = Mean time per level.
                   A        B        C        D        E       F      G
               +--------+--------+--------+--------+--------+-----+--------+
         Total |   7936 |   7588 |    348 |    534 |   5095 |   9 |  881.8 |
       Dungeon |   7763 |   7425 |    338 |    534 |   4961 |   8 |  970.4 |
        Temple |    173 |    163 |     10 |      0 |    134 |   1 |  173.0 |
               +--------+--------+--------+--------+--------+-----+--------+

Top non-repeatable levels by time:
     D:4: 1480 daAuts
     D:6: 1332 daAuts
     D:3: 1074 daAuts
     D:7: 1052 daAuts
     D:5: 926 daAuts
     D:1: 921 daAuts
     D:2: 909 daAuts
  Temple: 173 daAuts
     D:8: 64 daAuts
